 Dungeon Crawl Stone Soup version 0.29-a0-317-gd16b76e6b1 (webtiles) character file.

Game seed: 6765238460026259223

112 Morbidden the Conjurer (level 4, -1/41 HPs)
             Began as a Troll Conjurer on Mar 31, 2022.
             Slain by Terence
             ... wielding a +0 flail
              (7 damage)
             ... on level 2 of the Dungeon.
             The game lasted 00:02:10 (1504 turns).

Morbidden the Conjurer (Troll Conjurer)             Turns: 1504, Time: 00:02:10

Health: -1/41      AC:  4    Str: 15    XL:     4   Next: 63%
Magic:  0/4        EV: 10    Int: 16    God:
Gold:   48         SH:  0    Dex:  8    Spells: 4/5 levels left

rFire   . . .      SeeInvis .     - Unarmed
rCold   . . .      Faith    .   (no shield)
rNeg    . . .      Spirit   .   a - +0 robe
rPois   .          Reflect  .   (helmet restricted)
rElec   .          Harm     .   k - scarf {shadows}
rCorr   .          Rampage  .   (gloves unavailable)
Will    .....                   (boots unavailable)
Stlth   +.........              (no amulet)
HPRegen 0.93/turn               (no ring)
MPRegen 0.09/turn               (no ring)

@: hasted, very quick
A: large, unfitting armour, claws 3, regeneration 1, shaggy fur 1, tough skin 1
a: no special abilities


You were on level 2 of the Dungeon.
You visited 1 branch of the dungeon, and saw 2 of its levels.

You collected 48 gold pieces.

Inventory:

Armour
 a - a +0 robe (worn)
 k - a scarf of shadows (worn)
Scrolls
 f - a scroll of teleportation {unknown}
 g - a scroll of amnesia {unknown}
 i - a scroll of summoning {unknown}
 j - 2 scrolls of identify {unknown}
Potions
 b - a potion of magic
 c - 2 potions of haste
 d - a potion of mutation {unknown}
 e - 3 potions of curing {unknown}
 h - a potion of heal wounds {unknown}
 l - a potion of might {unknown}


   Skills:
 * Level 1.0 Fighting
 * Level 2.5 Dodging
 + Level 1.0 Stealth
 * Level 2.0 Unarmed Combat
 * Level 1.3 Spellcasting
 * Level 3.4 Conjurations


You had 4 spell levels left.
You knew the following spells:

 Your Spells              Type           Power      Damage    Failure   Level
a - Magic Dart            Conj           48%        1d5       5%          1

Your spell library contained the following spells:

 Spells                   Type           Power      Damage    Failure   Level
 Searing Ray              Conj           24%        2d5       9%          2
 Slow                     Hex            4%         N/A       22%         1
 Dazzling Flash           Conj/Hex       12%        N/A       32%         3
 Portal Projectile        Hex/Tloc       2%         N/A       56%         3
 Fulminant Prism          Conj/Hex       3%         3d6       73%         4
 Iskenderun's Mystic Bla  Conj/Tloc      6%         2d4       73%         4
 Discord                  Hex            0%         N/A       100%        8


Dungeon Overview and Level Annotations

Branches:
Dungeon (2/15)

Altars:

Shops:
D:2 *

Annotations:
D:2 Robin, Terence


Innate Abilities, Weirdness & Mutations

You are too large for most types of armour.
You have claws for hands.
Your natural rate of healing is unusually fast.
You are covered in fur. (AC +1)
You have tough skin. (AC +1)


Message History

Unknown command.
Unknown command.
Casting: Magic Dart (safe; 5% risk of failure)
Confirm with . or Enter, or press ? or * to list all spells.
Aiming: Magic Dart (safe; 5% risk of failure)
Press: ? - help, Shift-Dir - straight line, f - Terence
Aim: Terence, wielding a +0 flail and wearing a +0 chain mail (moderately wounded, 100% to hit)
The magic dart hits Terence but does no damage.
Terence is moderately wounded.
Terence hits you but does no damage.
Unknown command.
Casting: Magic Dart (safe; 5% risk of failure)
Confirm with . or Enter, or press ? or * to list all spells.
Aiming: Magic Dart (safe; 5% risk of failure)
Press: ? - help, Shift-Dir - straight line, f/p - Terence
Aim: Terence, wielding a +0 flail and wearing a +0 chain mail (moderately wounded, 100% to hit)
The magic dart hits Terence.
Terence is moderately wounded.
Terence barely misses you.
Casting: Magic Dart (safe; 5% risk of failure)
Confirm with . or Enter, or press ? or * to list all spells.
Aiming: Magic Dart (safe; 5% risk of failure)
Press: ? - help, Shift-Dir - straight line, f/p - Terence
Aim: Terence, wielding a +0 flail and wearing a +0 chain mail (moderately wounded, 100% to hit)
The magic dart hits Terence.
Terence is heavily wounded.
Terence hits you with a +0 flail!
* * * LOW HITPOINT WARNING * * *
Casting: Magic Dart (safe; 5% risk of failure)
Confirm with . or Enter, or press ? or * to list all spells.
Aiming: Magic Dart (safe; 5% risk of failure)
Press: ? - help, Shift-Dir - straight line, f/p - Terence
Aim: Terence, wielding a +0 flail and wearing a +0 chain mail (heavily wounded, 100% to hit)
The magic dart hits Terence but does no damage.
Terence is heavily wounded.
Terence hits you with a +0 flail!
* * * LOW HITPOINT WARNING * * *
It was a potion of haste.
You feel yourself speed up. Terence hits you with a +0 flail!
You die...

.).............#.##.#
...####..#..<..#.##.#
...# ##.#.....#.##.#
...#####.......#.##.###
...............#.##...#
......#........#.##...#
......#..#.#...#..†...#
...)..####............#
...............@@.....#
###'#####.#..######...#
#....##.##.# #...#
#....##.##.# #...#
#....'.....# #...#
###....##.##># #####
........#....†..#
####....####.##.#
###....##..... ..


You could see Terence.

Vanquished Creatures
  Jessica (D:2)
  A gnoll (D:1)
  2 adders (D:2)
  A worm (D:2)
  3 dart slugs
  3 endoplasms
  A giant cockroach (D:2)
  10 goblins (D:1)
  5 hobgoblins
  3 kobolds
  4 quokkas (D:1)
  3 ball pythons
  2 bats (D:1)
  5 frilled lizards
  5 rats
49 creatures vanquished.

Notes
Turn   | Place    | Note
-------+----------+-------------------------------------------
     0 | D:1      | Morbidden the Troll Conjurer began the quest for the Orb.
     0 | D:1      | Reached XP level 1. HP: 16/16 MP: 1/1
    28 | D:1      | Reached skill level 3 in Conjurations
   160 | D:1      | Reached XP level 2. HP: 24/24 MP: 2/2
   477 | D:1      | Reached skill level 1 in Unarmed Combat
   477 | D:1      | Reached XP level 3. HP: 4/31 MP: 1/3
   940 | D:2      | Noticed Robin
  1034 | D:2      | Noticed Terence
  1165 | D:2      | Noticed Jessica
  1173 | D:2      | Killed Jessica
  1174 | D:2      | Reached XP level 4. HP: 40/40 MP: 0/4
  1327 | D:2      | Reached skill level 1 in Fighting
  1383 | D:2      | Found Symapeg's General Store.
  1387 | D:2      | Got the Grimoire of Curses
  1504 | D:2      | Slain by Terence

Illustrated notes

Levels and vault maps discovered:
D:1:      pf_arrival_petrified_forest, layout_basic
D:2:      layout_basic, basic_altar, serial_shops, nicolae_lakefront_shop,
          grunt_ministairs_14, amcnicky_mini_rare_corridor_liquid, uniq_jessica,
          uniq_robin, uniq_terence

Skill      XL: |  1  2  3  4 |
---------------+-------------+-----
Conjurations   | 3 |  3.4
Dodging        | 2 |  2.5
Unarmed Combat | 1 2 |  2.0
Fighting       | 1 |  1.0
Stealth        | |  1.0
Spellcasting   | |  1.3

Action                   |  1- 3 |  4- 6 || total
-------------------------+-------+-------++-------
Melee: Unarmed           |   125 |    29 ||   154
       Punch             |     1 |     2 ||     3
 Cast: Magic Dart        |     9 |     8 ||    17
  Use: Potion            |       |     1 ||     1
 Stab: Sleeping          |     2 |       ||     2
Armor: Robe              |    54 |     9 ||    63
Dodge: Dodged            |    61 |    14 ||    75

Table legend: (Time is in decaauts)
 A = Elapsed time spent in this place.
 B = Non-inter-level travel time spent in this place.
 C = Inter-level travel time spent in this place.
 D = Time resting spent in this place.
 E = Time spent auto-exploring this place.
 F = Levels seen in this place.
 G = Mean time per level.
                   A        B        C        D        E       F      G
               +--------+--------+--------+--------+--------+-----+--------+
         Total |   1503 |   1342 |    161 |    132 |    850 |   2 |  751.5 |
       Dungeon |   1503 |   1342 |    161 |    132 |    850 |   2 |  751.5 |
               +--------+--------+--------+--------+--------+-----+--------+

Top non-repeatable levels by time:
     D:1: 1091 daAuts
     D:2: 411 daAuts
